 Dungeon Crawl Stone Soup version 0.28.0-45-g0d030f2227 (webtiles) character file.

Game seed: 7998657906007449952

34 H0rd4k the Magician (level 3, -2/19 HPs)
             Began as a Deep Elf Hedge Wizard on Apr 8, 2022.
             Slain by a hound (4 damage)
             ... on level 4 of the Dungeon.
             The game lasted 00:01:17 (1363 turns).

H0rd4k the Magician (Deep Elf Hedge Wizard)         Turns: 1363, Time: 00:01:17

Health: -2/19      AC:  2    Str:  7    XL:     3   Next: 14%
Magic:  7/12       EV: 12    Int: 20    God:
Gold:   64         SH:  0    Dex: 14    Spells: 4/13 levels left

rFire   . . .      SeeInvis .   a - +0 dagger
rCold   . . .      Faith    .   (no shield)
rNeg    . . .      Spirit   .   b - +0 robe
rPois   +          Reflect  .   c - +0 hat
rElec   .          Harm     .   (no cloak)
rCorr   .          Rampage  .   (no gloves)
Will    .....                   (no boots)
Stlth   ++........              (no amulet)
HPRegen 0.06/turn               g - ring of poison resistance
MPRegen 0.13/turn               (no ring)

@: on blink cooldown
A: no striking features
a: no special abilities


You were on level 4 of the Dungeon.
You visited 1 branch of the dungeon, and saw 3 of its levels.

You collected 64 gold pieces.

Inventory:

Hand Weapons
 a - a +0 dagger (weapon)
Armour
 b - a +0 robe (worn)
 c - a +0 hat (worn)
Jewellery
 g - a ring of poison resistance (left hand)
Scrolls
 d - a scroll of immolation {unknown}
 e - a scroll of fear {unknown}
 f - a scroll of vulnerability {unknown}


   Skills:
 + Level 2.7 Dodging
 - Level 2.4 Stealth
 + Level 5.5 Spellcasting
 + Level 1.8 Conjurations
 + Level 1.1 Summonings
 + Level 1.1 Translocations


You had 4 spell levels left.
You knew the following spells:

 Your Spells              Type           Power      Damage    Failure   Level
a - Magic Dart            Conj           52%        1d5       4%          1
b - Blink                 Tloc           18%        N/A       11%         2
c - Conjure Flame         Conj/Fire      9%         6-21      22%         3
d - Mephitic Cloud        Conj/Pois/Air  8%         N/A       26%         3

Your spell library contained the following spells:

 Spells                   Type           Power      Damage    Failure   Level
 Animate Skeleton         Necr           10%        N/A       11%         1
 Pain                     Necr           20%        1d5       11%         1
 Slow                     Hex            20%        N/A       11%         1
 Call Imp                 Summ           9%         N/A       11%         2
 Vampiric Draining        Necr           5%         2d6       32%         3


Dungeon Overview and Level Annotations

Branches:
Dungeon (2/15)

Altars:


Message History

Things that are here:
a +0 short sword; 4 stones You open the door.
A hound and a ball python come into view.
Found 16 gold pieces.
The magic dart hits the hound.
The hound is lightly wounded.
The hound barely misses you. The hound closely misses you.
The magic dart hits the hound but does no damage.
The hound is lightly wounded.
The hound closely misses you.
The magic dart hits the hound.
The hound is moderately wounded.
The ball python hisses angrily.
The hound bites you. x2
The magic dart hits the hound but does no damage.
The hound is moderately wounded.
The hound bites you.
You are too injured to fight recklessly!
You are too injured to fight recklessly!
You are too injured to fight recklessly!
You are too injured to fight recklessly!
The hound bites you.
* * * LOW HITPOINT WARNING * * *
Casting: Magic Dart (safe; 4% risk of failure)
Confirm with . or Enter, or press ? or * to list all spells.
You blink.
A hound, a kobold brigand and an orc come into view.
The kobold brigand is wielding a +0 rapier and quivering poisoned darts.
Found a scroll labelled EXYUTSENAZ.
The orc shouts!
The hound barks!
You hear a shout!
The ball python bites you but does no damage.
The ball python closely misses you.
Casting: Blink (safe; 11% risk of failure)
Confirm with . or Enter, or press ? or * to list all spells.
You are still too unstable to blink.
The hound barely misses you. The hound bites you.
* * * LOW HITPOINT WARNING * * *
The hound bites you.
You die...

##########
##hS......#
#@ho........
#.....$.?...
##.....K....
####'#.....
#.#.#... #.#
#... #.# ..
#.# #.#


You could see a kobold brigand, 2 hounds, an orc and a ball python.

Vanquished Creatures
  2 ball pythons
  2 bats (D:1)
  4 giant cockroaches (D:1)
  5 hobgoblins (D:1)
  3 jackals (D:1)
  6 kobolds
  A quokka (D:1)
  2 frilled lizards (D:1)
  3 goblins (D:1)
  A rat (D:1)
29 creatures vanquished.

Notes
Turn   | Place    | Note
-------+----------+-------------------------------------------
     0 | D:1      | H0rd4k the Deep Elf Hedge Wizard began the quest for the
                  | Orb.
     0 | D:1      | Reached XP level 1. HP: 10/10 MP: 7/7
   166 | D:1      | Reached skill level 5 in Spellcasting
   213 | D:1      | Reached XP level 2. HP: 15/15 MP: 7/10
   923 | D:1      | Reached XP level 3. HP: 15/19 MP: 6/11
   926 | D:1      | Learned a level 2 spell: Blink
   930 | D:1      | Learned a level 3 spell: Conjure Flame
   934 | D:1      | Learned a level 3 spell: Mephitic Cloud
  1017 | D:1      | Found a faded altar of an unknown god.
  1288 | D:2      | You fall into a shaft and drop 2 floors!
  1360 | D:4      | Noticed a kobold brigand
  1363 | D:4      | Slain by a hound

Illustrated notes

Levels and vault maps discovered:
D:1:      mrwooster_arrival_statue, layout_basic,
          dreamdust_ecumenical_altar_angels_and_demons
D:2:      layout_basic, serial_shops, shop
D:4:      layout_basic, mainiacjoe_overflow_boulevard, uniq_duvessa

Skill      XL: |  1 |
---------------+----+-----
Spellcasting   | 5 |  5.5
Dodging        | |  2.7
Stealth        | |  2.4
Conjurations   | |  1.8
Summonings     | |  1.1
Translocations | |  1.1

Action                   || total
-------------------------++-------
 Cast: Magic Dart        ||    81
       Blink             ||     1
Armor: Robe              ||     3
Dodge: Dodged            ||    14
